Map: Frozen Temple

Players

CasualTea - Winner!

  • Race: Zerg Zerg
  • League: Grandmaster

Miszu

  • Race: Protoss Protoss
  • League: Master

VOD

Have the link to the VOD?

Description

Time

  • Played on: June 29, 2016, 11:21 a.m.
  • Length: 13:31
Show
View Real Time Build Order
Export as new Build Order

CasualTea Zerg - Winner!

Build Orders: Hatch First, Lurkers 

Get SALT Encoding   

  12  0:00  Drone  
  13  0:09  Drone  
  14  0:17  Overlord  
  14  0:21  Extractor  
  14  0:24  Drone  
  15  0:36  Drone x2  
  17  0:45  Drone  
  18  0:57  Hatchery  
  18  0:59  Extractor  
  18  1:01  Drone  
  17  1:15  Spawning Pool  
  17  1:18  Drone  
  17  1:21  Drone  
  18  1:28  Drone  
  19  1:37  Overlord  
  19  1:52  Drone  
  20  2:02  Queen  
  20  2:03  Zergling x2  
  23  2:08  Queen  
  23  2:10  Drone x2  
  23  2:11  Metabolic Boost  
  27  2:21  Drone x2  
  29  2:31  Drone  
  29  2:32  Drone  
  31  2:39  Pneumatized Carapace  
  31  2:48  Hatchery  
  31  2:50  Drone  
  32  2:51  Drone  
  32  2:56  Overlord  
  31  2:59  Drone  
  31  3:04  Drone x2  
  34  3:10  Overlord, Zergling x2  
  35  3:13  Drone  
  36  3:21  Drone x2  
  36  3:23  Drone x3  
  40  3:30  Drone  
  41  3:36  Drone x2  
  42  3:41  Extractor  
  42  3:42  Roach Warren  
  42  3:45  Drone  
  42  3:47  Queen  
  43  3:52  Queen  
  45  3:59  Overlord  
  45  4:06  Zergling x2  
  46  4:14  Zergling x14  
  53  4:17  Queen  
  55  4:31  Spore Crawler x2  
  54  4:32  Drone x4  
  54  4:34  Drone  
  58  4:39  Spore Crawler  
  58  4:41  Drone x2  
  58  4:42  Drone x2  
  61  4:48  Drone x3  
  64  4:57  Lair  
  64  5:02  Drone  
  64  5:04  Overlord x2  
  65  5:08  Overlord x2  
  65  5:11  Extractor  
  64  5:25  Drone x7  
  64  5:28  Drone x4  
  75  5:33  Drone x2  
  74  5:56  Queen x2, Drone x6  
  78  5:59  Extractor  
  78  6:00  Hydralisk Den  
  78  6:02  Drone x2  
  78  6:08  Drone x3  
  81  6:12  Evolution Chamber x2  
  79  6:23  Drone x4  
  83  6:28  Hatchery  
  83  6:29  Muscular Augments  
  83  6:30  Drone x3  
  82  6:35  Overlord x2  
  82  6:41  Extractor  
  82  6:42  Extractor  
  82  6:45  Overlord x2  
  80  6:53  Queen  
  82  6:57  Hydralisk x7  
  82  7:00  Overlord x2  
  96  7:02  Zerg Missile Weapons Level 1, Zerg Ground Armor Level 1  
  96  7:09  Hydralisk x2  
  100  7:19  Hydralisk x6  
  106  7:30  Drone x3  
  108  7:37  Hydralisk  
  108  7:38  Hydralisk x5  
  108  7:43  Drone  
  108  7:44  Queen  
  123  7:51  Drone x2  
  123  7:55  Lurker Den  
  123  7:56  Spore Crawler  
  123  7:58  Overlord x6  
  124  8:06  Spore Crawler  
  122  8:16  Hydralisk x7  
  136  8:23  Drone  
  136  8:24  Drone x5  
  142  8:34  Drone x4  
  146  8:50  Infestation Pit  
  146  8:51  Drone x13  
  158  8:56  Extractor  
  158  8:57  Extractor  
  158  8:58  Zerg Ground Armor Level 2, Spine Crawler  
  158  8:59  Spine Crawler  
  158  9:01  Zerg Missile Weapons Level 2  
  154  9:10  Overlord x2  
  154  9:22  Zergling x10  
  154  9:23  Zergling x22  
  170  9:28  Hive  
  170  9:43  Lurker x11  
  170  9:45  Overseer  
  181  9:48  Zergling x14  
  181  9:49  Overlord  
  188  9:57  Zergling x8  
  192  10:09  Hatchery  
  155  10:40  Adrenal Glands  
  155  10:42  Ultralisk Cavern  
  154  10:54  Roach  
  154  10:55  Roach x17  
  190  11:09  Overlord x2  
  190  11:19  Overlord  
  190  11:20  Queen x2  
  194  11:36  Chitinous Plating  
  194  11:49  Ultralisk  
  194  11:58  Ultralisk x2  
  192  12:09  Ultralisk  
  172  12:18  Ultralisk  
  172  12:19  Ultralisk x6  
  189  12:23  Overseer  
  189  12:24  Queen  
  189  12:27  Ultralisk  
  189  12:28  Zergling x26  
  200  12:30  Zergling x4  
  191  12:52  Zergling x2  
  191  12:53  Zergling x22  
  191  12:54  Zergling x4  
  193  12:59  Extractor  
  193  13:00  Extractor, Spine Crawler  
  193  13:01  Spine Crawler  
  193  13:02  Spine Crawler  
  193  13:03  Spine Crawler  
Show
View Real Time Build Order
Export as new Build Order

Miszu Protoss 

Build Orders: 1 Gate Expand 

Get SALT Encoding   

  12  0:01  Probe (Chrono Boost)  
  13  0:12  Probe (Chrono Boost)  
  14  0:17  Pylon  
  14  0:22  Probe (Chrono Boost)  
  15  0:36  Probe (Chrono Boost)  
  15  0:37  Gateway  
  16  0:46  Probe (Chrono Boost)  
  16  0:48  Assimilator  
  18  0:57  Probe (Chrono Boost)  
  18  1:16  Nexus  
  18  1:26  Cybernetics Core  
  18  1:30  Probe (Chrono Boost)  
  19  1:41  Probe (Chrono Boost)  
  20  1:48  Assimilator  
  20  1:51  Probe (Chrono Boost)  
  21  1:58  Pylon  
  21  2:02  Probe (Chrono Boost)  
  21  2:06  Warp Gate (Chrono Boost)  
  22  2:16  Adept (Chrono Boost), Probe (Chrono Boost)  
  25  2:26  Mothership Core  
  25  2:27  Probe  
  28  2:38  Adept (Chrono Boost)  
  28  2:39  Probe  
  31  2:47  Probe  
  31  2:51  Probe  
  33  2:59  Probe  
  33  3:01  Adept  
  33  3:05  Gateway  
  36  3:06  Gateway  
  36  3:11  Pylon, Probe  
  37  3:21  Probe  
  37  3:23  Probe  
  39  3:33  Probe  
  40  3:35  Probe  
  41  3:45  Probe (Chrono Boost)  
  41  3:46  Stargate  
  41  3:47  Stargate, Probe (Chrono Boost)  
  43  3:54  Assimilator  
  43  3:56  Probe (Chrono Boost), Assimilator  
  43  3:58  Probe (Chrono Boost)  
  43  4:01  Pylon  
  45  4:07  Probe (Chrono Boost)  
  46  4:12  Probe (Chrono Boost)  
  47  4:17  Probe (Chrono Boost)  
  47  4:18  Adept  
  47  4:21  Adept x2  
  55  4:24  Probe (Chrono Boost)  
  55  4:30  Probe (Chrono Boost)  
  56  4:31  Phoenix x2 (Chrono Boost)  
  56  4:35  Pylon, Probe  
  61  4:41  Pylon  
  61  4:42  Probe  
  62  4:53  Probe  
  62  4:54  Phoenix (Chrono Boost)  
  65  5:06  Phoenix (Chrono Boost)  
  67  5:08  Probe x2  
  69  5:15  Phoenix (Chrono Boost)  
  69  5:16  Pylon  
  71  5:27  Phoenix (Chrono Boost)  
  73  5:32  Probe x2  
  75  5:37  Phoenix (Chrono Boost)  
  77  5:44  Probe  
  77  5:49  Adept x3, Phoenix (Chrono Boost)  
  86  5:53  Nexus  
  76  5:59  Phoenix (Chrono Boost)  
  76  6:03  Pylon  
  72  6:04  Probe x2  
  72  6:11  Phoenix (Chrono Boost)  
  76  6:12  Sentry x2  
  76  6:13  Sentry  
  82  6:20  Phoenix (Chrono Boost), Probe x2  
  82  6:24  Pylon  
  86  6:36  Probe x2  
  86  6:39  Phoenix (Chrono Boost)  
  90  6:48  Probe x2  
  90  6:49  Robotics Facility  
  90  6:51  Robotics Facility  
  90  6:54  Pylon  
  92  6:55  Pylon  
  92  7:00  Probe  
  93  7:01  Probe  
  93  7:07  Probe  
  94  7:12  Probe  
  94  7:13  Probe  
  94  7:15  Twilight Council, Assimilator  
  97  7:16  Forge  
  97  7:18  Probe  
  96  7:40  Protoss Ground Weapons Level 1, Probe  
  96  7:41  Zealot x3  
  111  7:44  Immortal x2  
  111  7:46  Gateway  
  111  7:47  Gateway  
  111  7:49  Gateway  
  111  7:50  Probe  
  112  7:52  Assimilator  
  112  7:59  Charge  
  112  8:01  Templar Archives  
  112  8:03  Gateway  
  112  8:05  Gateway  
  112  8:23  Immortal (Chrono Boost)  
  116  8:35  Immortal (Chrono Boost)  
  116  8:40  Psionic Storm  
  116  8:49  High Templar x2  
  120  8:57  High Templar  
  120  8:59  Zealot  
  120  9:00  Observer (Chrono Boost), Zealot x3  
  120  9:02  Nexus, Pylon  
  129  9:19  Pylon  
  129  9:20  Pylon x2  
  129  9:21  High Templar x2, Pylon  
  129  9:22  Pylon  
  133  9:26  Archon, Protoss Ground Weapons Level 2  
  135  9:38  Observer x2 (Chrono Boost)  
  135  9:40  Zealot x2  
  135  9:41  Zealot x2  
  143  9:48  Nexus  
  143  9:49  Pylon  
  143  9:50  Zealot  
  145  9:56  Pylon, Warp Prism (Chrono Boost)  
  145  9:57  Observer (Chrono Boost)  
  145  9:58  High Templar  
  145  9:59  High Templar  
  152  10:02  Zealot x4  
  158  10:14  Nexus  
  158  10:17  High Templar  
  158  10:18  Photon Cannon  
  158  10:19  Photon Cannon  
  159  10:36  Zealot x3  
  159  10:37  Zealot x3  
  171  10:49  Nexus  
  171  11:10  Stalker  
  173  11:14  Pylon x2  
  173  11:15  Stargate  
  173  11:16  Fleet Beacon, Pylon  
  173  11:23  Assimilator  
  181  11:33  Immortal x2 (Chrono Boost)  
  181  11:38  Zealot x4  
  189  11:48  Assimilator  
  177  12:06  Zealot x3  
  177  12:07  Zealot x4  
  139  12:30  Zealot x7  
  149  12:38  Archon x2  
  129  12:49  Immortal x2 (Chrono Boost)  
  123  13:07  High Templar x4  
  123  13:08  High Templar x3  
  123  13:10  Assimilator  
  123  13:11  Archon x2  
  123  13:12  Archon  
Tags
 
Add a new tag
Caveats
  • Supply blocks, unpowered buildings, or Contaminate may cause inaccurate times.
  • Supply counts are checked every 10 seconds.